General information
- name: BNet
- type: Ladder team game (AT/RT)
- host: Battle.net
- saver: Qntal
map: Deathknell
- players: 8
- length: 38:42
- speed: Fast
- version: 1.26 W3XP
- replay type: Public
» download(235 KB)
Players
team 1 (loser)
chaudevant (
blue | 42 APM | 736 actions | 17:23)
4 Death Knight
2 Death Coil
1 Unholy Aura
1 Death Pact
» actions
| Build / train | 44 | |
| Enter build submenu | 19 | |
| Enter hero's abilities submenu | 4 | |
| Right click | 366 | |
| Select / deselect | 265 | |
| Use ability | 38 | |
736 total
» units
| Acolyte | 3 | |
| Ghoul | 3 | |
| Crypt Fiend | 13 | |
| Banshee | 4 | |
| Obsidian Statue | 3 | |
| Necromancer | 2 | |
28 total
» upgrades
| Creature Attack | 1 | |
| Web | 1 | |
| Creature Carapace | 1 | |
| Banshee Training | 1 | |
4 total
» buildings
| Ziggurat | 5 | |
| Crypt | 1 | |
| Altar of Darkness | 1 | |
| Graveyard | 1 | |
| Tomb of Relics | 1 | |
| Nerubian Tower | 1 | |
| Spirit Tower | 2 | |
| Halls of the Dead | 1 | |
| Temple of the Damned | 1 | |
| Slaughterhouse | 1 | |
| Necropolis | 1 | |
| Black Citadel | 1 | |
| Sacrificial Pit | 1 | |
| Boneyard | 1 | |
19 total
» build order
00:13 Ziggurat
00:24 Crypt
00:49 Altar of Darkness
01:10 Graveyard
01:24 Ziggurat
01:55 Tomb of Relics
02:39 Nerubian Tower
03:04 Ziggurat
03:58 Spirit Tower
04:14 Ziggurat
04:42 Halls of the Dead
05:03 Spirit Tower
06:52 Ziggurat
07:16 Temple of the Damned
07:25 Slaughterhouse
07:43 Necropolis
12:09 Black Citadel
12:44 Sacrificial Pit
14:44 Boneyard
» items
| Rod of Necromancy | 1 | |
| Scroll of Town Portal | 1 | |
2 total

»
swagfordays (
teal | 90 APM | 1537 actions | 17:03)
4 Tauren Chieftain
2 War Stomp
2 Endurance Aura
2 Shadow Hunter
1 Healing Wave
1 Hex
» actions
| Assign group hotkey | 36 | |
| Basic commands | 48 | |
| Build / train | 49 | |
| ESC pressed | 1 | |
| Enter build submenu | 17 | |
| Enter hero's abilities submenu | 6 | |
| Right click | 593 | |
| Select / deselect | 495 | |
| Select group hotkey | 222 | |
| Use ability | 66 | |
1537 total
» units
| Peon | 7 | |
| Grunt | 11 | |
| Tauren | 3 | |
| Shaman | 3 | |
24 total
» upgrades
| Armor | 3 | |
| Berserker Strength | 1 | |
| Shaman Training | 2 | |
| Melee Weapons | 1 | |
7 total
» buildings
| Altar of Storms | 1 | |
| Orc Burrow | 5 | |
| Barracks | 1 | |
| Voodoo Lounge | 1 | |
| Stronghold | 1 | |
| War Mill | 1 | |
| Fortress | 1 | |
| Spirit Lodge | 1 | |
| Tauren Totem | 2 | |
| Great Hall | 1 | |
15 total
» build order
00:06 Altar of Storms
00:07 Orc Burrow
00:36 Barracks
01:34 Orc Burrow
02:26 Orc Burrow
02:49 Voodoo Lounge
04:01 Stronghold
04:38 Orc Burrow
05:12 War Mill
06:36 Fortress
07:01 Spirit Lodge
08:00 Orc Burrow
09:14 Tauren Totem
09:15 Tauren Totem
12:00 Great Hall
» items
| Healing Salve | 4 | |
| Scroll of Speed | 1 | |
| Potion of Healing | 2 | |
7 total
darkwlng-duck. (
purple | 65 APM | 2509 actions | 38:41)
5 Archmage
3 Summon Water Elemental
2 Brilliance Aura
2 Mountain King
1 Storm Bolt
1 Bash
2 Paladin
1 Holy Light
1 Divine Shield
» actions
| Assign group hotkey | 88 | |
| Basic commands | 5 | |
| Build / train | 125 | |
| Enter build submenu | 23 | |
| Enter hero's abilities submenu | 9 | |
| Give item / drop item | 5 | |
| Remove unit from queue | 2 | |
| Right click | 997 | |
| Select / deselect | 397 | |
| Select group hotkey | 699 | |
| Use ability | 159 | |
2509 total
» units
| Peasant | 20 | |
| Footman | 4 | |
| Goblin Shredder | 3 | |
| Gryphon Rider | 5 | |
| Frost Wyrm | 6 | |
| Acolyte | 2 | |
| Ice Troll Trapper | 3 | |
| Ice Troll Berserker | 3 | |
| Mud Golem | 5 | |
| Gnoll Overseer | 9 | |
60 total
» upgrades
| Masonry | 3 | |
| Lumber Harvesting | 1 | |
| Animal War Training | 1 | |
| Swords | 3 | |
| Armor | 2 | |
| Storm Hammers | 1 | |
| Cloud | 1 | |
| Creature Carapace | 1 | |
13 total
» buildings
| Altar of Kings | 1 | |
| Barracks | 1 | |
| Farm | 20 | |
| Scout Tower | 27 | |
| Arcane Tower | 1 | |
| Arcane Vault | 1 | |
| Town Hall | 1 | |
| Lumber Mill | 1 | |
| Guard Tower | 11 | |
| Keep | 2 | |
| Castle | 2 | |
| Gryphon Aviary | 3 | |
| Blacksmith | 1 | |
72 total
» build order
00:08 Altar of Kings
00:21 Barracks
00:36 Farm
00:52 Farm
01:30 Scout Tower
01:39 Farm
01:59 Arcane Tower
02:32 Arcane Vault
03:03 Farm
03:57 Town Hall
03:58 Scout Tower
03:59 Scout Tower
04:00 Scout Tower
04:13 Lumber Mill
05:23 Guard Tower
05:42 Keep
05:48 Farm
06:17 Guard Tower
06:51 Scout Tower
06:51 Scout Tower
06:52 Scout Tower
07:50 Guard Tower
08:11 Castle
08:21 Gryphon Aviary
08:44 Gryphon Aviary
09:02 Gryphon Aviary
09:08 Farm
09:08 Farm
09:08 Farm
09:14 Farm
09:14 Farm
09:41 Blacksmith
10:51 Scout Tower
10:51 Scout Tower
10:52 Scout Tower
10:54 Scout Tower
10:54 Scout Tower
10:55 Scout Tower
11:33 Guard Tower
11:48 Farm
12:09 Guard Tower
12:31 Guard Tower
16:27 Scout Tower
16:28 Scout Tower
16:28 Scout Tower
16:29 Scout Tower
16:30 Scout Tower
16:31 Scout Tower
16:31 Scout Tower
16:32 Scout Tower
16:32 Scout Tower
16:33 Scout Tower
16:33 Scout Tower
16:34 Scout Tower
16:34 Scout Tower
16:35 Scout Tower
17:00 Guard Tower
17:13 Guard Tower
17:13 Guard Tower
34:32 Farm
34:32 Farm
34:32 Farm
34:33 Farm
34:33 Farm
34:33 Farm
34:34 Farm
34:35 Farm
34:35 Farm
» items
| Scroll of Regeneration | 4 | |
| Lesser Clarity Potion | 1 | |
| Ivory Tower | 3 | |
| Scroll of Town Portal | 1 | |
| Staff of Sanctuary | 2 | |
| Potion of Mana | 2 | |
| Orb of Fire | 1 | |
14 total

»
grim-strom (
pink | 19 APM | 323 actions | 17:01)
4 Death Knight
2 Death Coil
2 Unholy Aura
» actions
| Basic commands | 12 | |
| Build / train | 32 | |
| Enter build submenu | 18 | |
| Enter hero's abilities submenu | 4 | |
| Right click | 112 | |
| Select / deselect | 119 | |
| Use ability | 26 | |
323 total
» units
| Acolyte | 2 | |
| Ghoul | 4 | |
| Gargoyle | 4 | |
| Frost Wyrm | 7 | |
17 total
» upgrades
| Creature Attack | 3 | |
| Freezing Breath | 1 | |
| Creature Carapace | 2 | |
6 total
» buildings
| Crypt | 1 | |
| Ziggurat | 9 | |
| Graveyard | 1 | |
| Halls of the Dead | 1 | |
| Altar of Darkness | 1 | |
| Black Citadel | 1 | |
| Sacrificial Pit | 1 | |
| Boneyard | 3 | |
| Tomb of Relics | 1 | |
| Nerubian Tower | 1 | |
20 total
» build order
00:12 Crypt
00:14 Ziggurat
00:40 Ziggurat
01:01 Graveyard
02:20 Halls of the Dead
02:34 Altar of Darkness
02:55 Ziggurat
04:07 Ziggurat
04:41 Black Citadel
04:58 Sacrificial Pit
07:06 Boneyard
07:11 Boneyard
07:14 Boneyard
07:19 Tomb of Relics
07:24 Ziggurat
07:27 Ziggurat
07:30 Ziggurat
07:33 Ziggurat
07:36 Ziggurat
09:11 Nerubian Tower
» items
team 2 (winner)
gatus (
green | 29 APM | 1134 actions | 38:41)
5 Dark Ranger
3 Black Arrow
2 Silence
2 Archmage
1 Blizzard
1 Brilliance Aura
» actions
| Basic commands | 409 | |
| Build / train | 105 | |
| ESC pressed | 5 | |
| Enter build submenu | 31 | |
| Enter hero's abilities submenu | 7 | |
| Remove unit from queue | 3 | |
| Right click | 5 | |
| Select / deselect | 475 | |
| Use ability | 94 | |
1134 total
» units
| Peasant | 17 | |
| Footman | 10 | |
| Rifleman | 24 | |
| Priest | 10 | |
61 total
» upgrades
| Gunpowder | 3 | |
| Priest Training | 2 | |
| Long Rifles | 1 | |
| Armor | 3 | |
| Swords | 0 | |
9 total
» buildings
| Altar of Kings | 1 | |
| Farm | 12 | |
| Barracks | 1 | |
| Keep | 1 | |
| Blacksmith | 1 | |
| Town Hall | 3 | |
| Scout Tower | 7 | |
| Castle | 1 | |
| Arcane Sanctum | 1 | |
| Arcane Tower | 4 | |
| Arcane Vault | 1 | |
| Lumber Mill | 1 | |
| Guard Tower | 2 | |
36 total
» build order
00:22 Altar of Kings
00:38 Farm
00:52 Barracks
00:58 Farm
01:37 Farm
01:51 Farm
04:15 Keep
04:33 Farm
05:16 Farm
06:22 Blacksmith
06:28 Town Hall
06:30 Scout Tower
06:47 Castle
06:53 Arcane Sanctum
07:12 Arcane Tower
07:23 Arcane Vault
08:03 Scout Tower
08:36 Arcane Tower
08:43 Lumber Mill
08:55 Arcane Tower
09:26 Guard Tower
09:38 Scout Tower
10:09 Guard Tower
10:12 Farm
10:32 Farm
11:00 Farm
13:12 Town Hall
19:08 Town Hall
23:01 Scout Tower
24:17 Scout Tower
26:39 Farm
27:22 Scout Tower
27:42 Farm
27:54 Arcane Tower
28:02 Farm
28:53 Scout Tower
» items
| Scroll of Regeneration | 3 | |
| Ivory Tower | 2 | |
| Scroll of Town Portal | 4 | |
| Lesser Clarity Potion | 1 | |
| Potion of Healing | 3 | |
| Potion of Mana | 1 | |
| Orb of Fire | 1 | |
15 total
ChangoSpasiuk (
yellow | 36 APM | 1270 actions | 35:15)
6 Paladin
3 Holy Light
2 Divine Shield
1 Resurrection
5 Mountain King
3 Storm Bolt
2 Bash
4 Firelord
2 Incinerate
2 Summon Lava Spawn
» actions
| Assign group hotkey | 17 | |
| Basic commands | 130 | |
| Build / train | 99 | |
| Enter build submenu | 21 | |
| Enter hero's abilities submenu | 15 | |
| Remove unit from queue | 1 | |
| Right click | 267 | |
| Select / deselect | 264 | |
| Select group hotkey | 359 | |
| Use ability | 97 | |
1270 total
» units
| Peasant | 29 | |
| Footman | 5 | |
| Ice Troll Berserker | 1 | |
| Ice Troll Trapper | 2 | |
| Gnoll Overseer | 1 | |
| Mud Golem | 1 | |
| Gryphon Rider | 5 | |
| Knight | 3 | |
47 total
» upgrades
| Lumber Harvesting | 2 | |
| Storm Hammers | 1 | |
| Swords | 3 | |
| Armor | 3 | |
| Masonry | 1 | |
| Animal War Training | 1 | |
| Plating | 1 | |
12 total
» buildings
| Barracks | 1 | |
| Altar of Kings | 1 | |
| Farm | 13 | |
| Keep | 6 | |
| Town Hall | 1 | |
| Castle | 1 | |
| Lumber Mill | 2 | |
| Blacksmith | 1 | |
| Gryphon Aviary | 4 | |
| Arcane Vault | 2 | |
32 total
» build order
00:21 Barracks
00:37 Altar of Kings
00:50 Farm
01:05 Farm
01:39 Farm
03:07 Farm
03:17 Keep
03:18 Keep
03:18 Keep
03:55 Town Hall
06:34 Castle
06:40 Lumber Mill
06:46 Farm
06:48 Blacksmith
08:01 Lumber Mill
08:17 Gryphon Aviary
08:20 Gryphon Aviary
09:15 Gryphon Aviary
09:58 Farm
09:58 Farm
10:06 Farm
10:06 Farm
10:07 Farm
10:23 Arcane Vault
10:31 Gryphon Aviary
12:23 Farm
12:23 Farm
12:24 Farm
12:26 Arcane Vault
» items
Qntal (
orange | 94 APM | 3640 actions | 38:42)
5 Crypt Lord
3 Carrion Beetles
2 Spiked Carapace
3 Death Knight
1 Death Coil
2 Unholy Aura
» actions
| Assign group hotkey | 72 | |
| Basic commands | 262 | |
| Build / train | 112 | |
| ESC pressed | 5 | |
| Enter build submenu | 48 | |
| Enter hero's abilities submenu | 9 | |
| Give item / drop item | 2 | |
| Right click | 1302 | |
| Select / deselect | 638 | |
| Select group hotkey | 937 | |
| Use ability | 253 | |
3640 total
» units
| Acolyte | 14 | |
| Ghoul | 9 | |
| Crypt Fiend | 7 | |
| Goblin Shredder | 2 | |
| Gnoll Overseer | 1 | |
| Ice Troll Trapper | 1 | |
| Frost Wyrm | 1 | |
| Gargoyle | 9 | |
44 total
» upgrades
| Creature Attack | 4 | |
| Creature Carapace | 3 | |
| Burrow | 1 | |
| Web | 1 | |
| Destroyer Form | 1 | |
| Ghoul Frenzy | 1 | |
| Stone Form | 1 | |
| Freezing Breath | 1 | |
| Disease Cloud | 1 | |
| Exhume Corpses | 1 | |
| Unholy Armor | 3 | |
| Unholy Strength | 3 | |
| Backpack | 1 | |
| Cannibalize | 1 | |
| Necromancer Training | 2 | |
| Banshee Training | 2 | |
| Skeletal Mastery | 1 | |
| Skeletal Longevity | 1 | |
29 total
» buildings
| Graveyard | 1 | |
| Crypt | 4 | |
| Altar of Darkness | 1 | |
| Ziggurat | 12 | |
| Tomb of Relics | 1 | |
| Nerubian Tower | 2 | |
| Necropolis | 5 | |
| Halls of the Dead | 2 | |
| Spirit Tower | 6 | |
| Black Citadel | 1 | |
| Sacrificial Pit | 1 | |
| Slaughterhouse | 2 | |
| Boneyard | 2 | |
| Temple of the Damned | 4 | |
44 total
» build order
00:10 Graveyard
00:13 Crypt
00:44 Altar of Darkness
01:00 Ziggurat
01:14 Tomb of Relics
01:52 Nerubian Tower
01:53 Ziggurat
04:50 Ziggurat
05:05 Necropolis
07:25 Halls of the Dead
07:49 Ziggurat
07:52 Ziggurat
08:15 Ziggurat
08:17 Ziggurat
08:44 Nerubian Tower
08:45 Spirit Tower
09:23 Spirit Tower
09:23 Spirit Tower
09:58 Ziggurat
11:32 Black Citadel
11:48 Sacrificial Pit
11:53 Slaughterhouse
11:56 Slaughterhouse
12:43 Spirit Tower
12:44 Spirit Tower
13:55 Boneyard
13:58 Ziggurat
14:30 Boneyard
14:35 Crypt
14:36 Crypt
14:38 Crypt
19:11 Spirit Tower
19:59 Ziggurat
20:00 Ziggurat
24:19 Necropolis
26:21 Ziggurat
27:27 Temple of the Damned
27:29 Temple of the Damned
27:31 Temple of the Damned
27:33 Temple of the Damned
30:03 Necropolis
37:20 Necropolis
37:25 Necropolis
» items
| Rod of Necromancy | 1 | |
| Sacrificial Skull | 2 | |
| Scroll of Town Portal | 3 | |
| Potion of Healing | 2 | |
| Orb of Corruption | 2 | |
| Scroll of Healing | 4 | |
| Potion of Mana | 1 | |
15 total
HeroWithNoEqual (
red | 53 APM | 2038 actions | 38:41)
9 Archmage
3 Summon Water Elemental
3 Brilliance Aura
1 Mass Teleport
2 Blizzard
» actions
| Assign group hotkey | 144 | |
| Basic commands | 248 | |
| Build / train | 94 | |
| Enter build submenu | 65 | |
| Enter hero's abilities submenu | 9 | |
| Give item / drop item | 2 | |
| Remove unit from queue | 1 | |
| Right click | 577 | |
| Select / deselect | 343 | |
| Select group hotkey | 361 | |
| Use ability | 194 | |
2038 total
» units
| Peasant | 15 | |
| Footman | 5 | |
| Goblin Shredder | 4 | |
| Dragonhawk Rider | 8 | |
| Gryphon Rider | 2 | |
34 total
» upgrades
| Lumber Harvesting | 1 | |
| Masonry | 2 | |
| Animal War Training | 1 | |
| Swords | 3 | |
| Armor | 3 | |
| Cloud | 1 | |
| Storm Hammers | 1 | |
12 total
» buildings
| Altar of Kings | 1 | |
| Barracks | 1 | |
| Farm | 13 | |
| Arcane Vault | 3 | |
| Keep | 1 | |
| Lumber Mill | 1 | |
| Town Hall | 4 | |
| Scout Tower | 41 | |
| Guard Tower | 18 | |
| Castle | 1 | |
| Gryphon Aviary | 6 | |
| Blacksmith | 2 | |
92 total
» build order
00:40 Altar of Kings
00:41 Barracks
01:03 Farm
01:05 Farm
01:08 Farm
02:40 Farm
03:34 Arcane Vault
03:36 Keep
04:06 Lumber Mill
05:44 Town Hall
05:56 Scout Tower
05:56 Scout Tower
05:57 Scout Tower
05:58 Scout Tower
05:59 Scout Tower
05:59 Scout Tower
05:59 Scout Tower
07:11 Farm
07:16 Guard Tower
08:11 Castle
09:05 Scout Tower
09:06 Scout Tower
09:06 Scout Tower
09:06 Scout Tower
09:08 Scout Tower
09:09 Scout Tower
09:09 Scout Tower
09:09 Scout Tower
09:11 Scout Tower
09:31 Arcane Vault
09:40 Guard Tower
09:40 Guard Tower
09:40 Guard Tower
09:40 Guard Tower
09:43 Guard Tower
09:43 Guard Tower
09:43 Guard Tower
09:44 Guard Tower
09:44 Guard Tower
09:45 Guard Tower
09:50 Scout Tower
09:51 Town Hall
10:15 Town Hall
10:20 Scout Tower
10:21 Scout Tower
10:22 Scout Tower
10:22 Scout Tower
10:23 Scout Tower
10:25 Scout Tower
10:25 Scout Tower
10:26 Scout Tower
10:26 Scout Tower
10:27 Scout Tower
10:27 Scout Tower
10:34 Scout Tower
11:32 Gryphon Aviary
11:32 Gryphon Aviary
11:39 Gryphon Aviary
11:40 Gryphon Aviary
11:42 Gryphon Aviary
11:42 Gryphon Aviary
11:47 Farm
11:52 Farm
11:54 Farm
11:58 Farm
11:58 Farm
12:29 Blacksmith
12:32 Blacksmith
13:04 Farm
13:06 Farm
13:25 Farm
14:21 Arcane Vault
16:31 Town Hall
16:34 Scout Tower
16:34 Scout Tower
16:34 Scout Tower
16:35 Scout Tower
16:36 Scout Tower
16:36 Scout Tower
16:36 Scout Tower
16:38 Scout Tower
16:39 Scout Tower
16:39 Scout Tower
16:40 Scout Tower
17:05 Guard Tower
17:32 Guard Tower
17:40 Guard Tower
» items
| Scroll of Regeneration | 6 | |
| Mechanical Critter | 1 | |
| Scroll of Town Portal | 2 | |
| Ivory Tower | 4 | |
| Potion of Healing | 3 | |
| Lesser Clarity Potion | 1 | |
17 total
Chat log
(00:07 / All) HeroWithNoEqual: You have nothing on me teal
(00:12 / All) HeroWithNoEqual: I have swagger par excellence
(00:13 / All) swagfordays: k
(00:16 / All) HeroWithNoEqual: said with a french accent
(00:28 / All) HeroWithNoEqual: PAR EXSALANCE
(00:34 / Allies) ChangoSpasiuk: dont be noob
(00:41 / Allies) ChangoSpasiuk: plz
(00:47 / Allies) HeroWithNoEqual: Too bad son
(00:49 / All) Qntal: hope the bands I'm pirating are good
(00:52 / All) Qntal: didn't preview them beforehand
(00:55 / Allies) HeroWithNoEqual: Can't help it that I'm new to thsi game
(01:00 / All) HeroWithNoEqual: what are they
(01:10 / All) Qntal: sava, qntal, gjallarhorn, tanzwut
(01:34 / All) HeroWithNoEqual: Are they named after sounds niggers make during rape?
(01:40 / All) Qntal: lol
(02:02 / Allies) HeroWithNoEqual: If you are on a team with 2 stabbers you can get blood mage
(02:06 / Allies) Qntal: I went UD
(02:09 / Allies) HeroWithNoEqual: I'm getting AM
(02:10 / Allies) Qntal: CL first for fun
(02:50 / Allies) HeroWithNoEqual: he's on other team
(02:54 / Allies) Qntal: yeah
(03:49 / Allies) HeroWithNoEqual: gay yellow
(03:58 / Allies) Qntal: forgot ghouls
(04:02 / Allies) ChangoSpasiuk: what
(04:09 / Allies) HeroWithNoEqual: fast expanding inside base
(04:20 / Allies) ChangoSpasiuk: dont understand u
(04:29 / Allies) HeroWithNoEqual: you should have taken teh outside
(04:36 / Allies) HeroWithNoEqual: You really fucked me man
(04:38 / Allies) HeroWithNoEqual: you really fucked me
(04:47 / Allies) ChangoSpasiuk: what do u mean
(04:57 / Allies) HeroWithNoEqual: you could have better defended it son
(05:04 / Allies) HeroWithNoEqual: since you would have built earlier
(05:15 / Allies) ChangoSpasiuk: ?
(05:22 / Allies) HeroWithNoEqual: Alright fuck off idiot jesus
(05:31 / Allies) ChangoSpasiuk: lets see who better red
(05:36 / Allies) Qntal: 100 wood please
(05:45 / All) HeroWithNoEqual: ?
(05:48 / All) HeroWithNoEqual: me no can read good
(05:54 / All) HeroWithNoEqual: me no have abstract thinkin skillz
(08:03 / Allies) HeroWithNoEqual: I'm taking this expo
(09:16 / Allies) HeroWithNoEqual: stay for a bit
(09:58 / Allies) HeroWithNoEqual: excuse me sir
(12:11 / Allies) HeroWithNoEqual: gold
(12:46 / Allies) HeroWithNoEqual: I will take that expansion
(12:54 / All) darkwlng-duck.: gatus sounds familiar hmmmmmmm
(13:18 / Allies) HeroWithNoEqual: All aboard the expansion train head over yonder
(13:45 / Allies) HeroWithNoEqual: gold
(14:26 / Allies) HeroWithNoEqual: go
(16:18 / All) HeroWithNoEqual: NO WHERE TO RUN BITCH
(16:31 / All) ChangoSpasiuk: lol shot
(16:57 / All) grim-strom: thanks purple for doing absolutely nothing this game
(17:05 / All) chaudevant: YEA
(17:07 / All) Qntal: raped
(17:08 / All) chaudevant: THAT GUY IS FUCKIGN RETARD
(17:10 / All) Qntal: get the fuck out chaudevant
(17:12 / All) Qntal: you were on my shit list
(17:14 / All) Qntal: you're terrible
(17:21 / All) chaudevant: SHUT UP U USKCE DHARD LOL
(17:27 / All) Qntal: nice base
(17:43 / All) Qntal: he is whispering me now
(17:50 / All) HeroWithNoEqual: who
(17:53 / All) Qntal: chaudevant
(18:04 / All) Qntal: he shouted YOU SUCK
(18:07 / All) HeroWithNoEqual: I liked how pink charged his 8 wyrms against 12 dhakws
(20:10 / Allies) ChangoSpasiuk: lol im better than u red
(20:19 / Allies) Qntal: Sure you are, buddy
(20:26 / Allies) Qntal: He is far better than you are
(20:43 / Allies) ChangoSpasiuk: wtf tk
(20:55 / Allies) ChangoSpasiuk: hope ur mother get cancer and die oj
(21:14 / All) Qntal: keep chasing my dk
(21:16 / All) Qntal: is working well for you
(21:18 / Allies) HeroWithNoEqual: MAybe they had a personal squabble
(21:55 / All) HeroWithNoEqual: Time to die
(21:56 / Allies) ChangoSpasiuk: im better than u all
(22:09 / All) darkwlng-duck.: it is time for yelow and green to abandon their posts
(22:13 / All) Qntal: sure you are yellow
(22:15 / All) Qntal: nice army bro
(22:18 / Allies) ChangoSpasiuk: i will stay
(22:21 / Allies) ChangoSpasiuk: im going facebook
(22:27 / All) Qntal: LOL
(22:32 / All) Qntal: Yellow is going to go browse his Facebook now
(22:51 / All) HeroWithNoEqual: whoops
(23:16 / Allies) ChangoSpasiuk: who cares
(23:18 / Allies) ChangoSpasiuk: kill me
(23:22 / Allies) Qntal: tp
(23:24 / Allies) Qntal: tp faggot
(23:54 / All) HeroWithNoEqual: Ah, and such a handsome fellow he was too
(24:05 / Allies) ChangoSpasiuk: i was much better than u red
(24:08 / Allies) ChangoSpasiuk: u know it
(24:09 / Allies) ChangoSpasiuk: lo
(24:10 / Allies) HeroWithNoEqual: haha
(24:13 / Allies) Qntal: "was"?
(24:20 / Allies) HeroWithNoEqual: Yours
(24:29 / Allies) HeroWithNoEqual: Sorry green, this land is occupied
(24:31 / Allies) ChangoSpasiuk: u made nothing but believing u great player
(24:49 / Allies) ChangoSpasiuk: but u made nothing red
(25:22 / All) darkwlng-duck.: im sure yellow is browsing facebook
(25:31 / All) HeroWithNoEqual: You had no long term contingencies with 50 wood peons
(26:20 / All) ChangoSpasiuk: HEY ALL U VIRGINS
(26:30 / All) HeroWithNoEqual: You rang?
(26:41 / All) ChangoSpasiuk: FIND A GIRL AND TRY TO FUCK
(26:43 / All) darkwlng-duck.: says the guy who has no purpose being in this game
(26:46 / All) HeroWithNoEqual: Duly noted
(26:57 / All) ChangoSpasiuk: FIND ME IN FACEBOOK
(27:06 / All) Qntal: Name?
(27:13 / All) ChangoSpasiuk: IM GERMAN TURIENZO
(27:17 / All) Qntal: Out of us only red has a facebook
(27:18 / All) ChangoSpasiuk: U ALL VIRGINS
(27:19 / All) Qntal: Maybe he can find you
(27:34 / All) ChangoSpasiuk: LOL VIRGINS
(27:45 / All) ChangoSpasiuk: U ALL NEVER FUCK IN UR WHOLE LIFE
(27:50 / All) Qntal: Oh?
(27:54 / All) ChangoSpasiuk: CONTINUE WATCHING GAY PORN
(28:12 / All) HeroWithNoEqual: Yellow looks like he crawled out of a Indonesian swamop
(28:23 / All) ChangoSpasiuk: YE
(28:26 / All) darkwlng-duck.: brazil probably
(28:28 / All) HeroWithNoEqual: What kind of nigger creature are you?
(28:41 / All) ChangoSpasiuk: WHAT DO U WANT
(28:45 / All) ChangoSpasiuk: BUT NOT VIRGIN LIKE U
(28:48 / All) ChangoSpasiuk: LOL
(28:57 / All) HeroWithNoEqual: At least I ain't nigger
(28:59 / All) ChangoSpasiuk: U VIRGIN
(29:07 / All) ChangoSpasiuk: VIRGIN WORST
(29:18 / All) HeroWithNoEqual: I had sex with hundreds of girls player
(29:20 / All) HeroWithNoEqual: threesome every 2 week
(29:29 / All) ChangoSpasiuk: WHICH HAND?
(29:30 / All) Qntal: Isn't that what Deezer said?
(29:35 / All) ChangoSpasiuk: LOL
(29:40 / All) ChangoSpasiuk: RIGHT HAND?
(29:41 / All) Qntal: every two weeks
(29:43 / All) ChangoSpasiuk: LEFT HAND?
(29:51 / All) HeroWithNoEqual: Both, is threesome
(30:03 / All) ChangoSpasiuk: LOL
(30:07 / All) ChangoSpasiuk: I BELIEVE U
(30:12 / All) ChangoSpasiuk: MUST HAVE FIRE IN UR HAND
(30:33 / All) ChangoSpasiuk: ALL DAY JACKING OFF WATCHING GAY PORN
(30:44 / All) HeroWithNoEqual: I like watching ebony porn
(30:49 / All) HeroWithNoEqual: ;fat bottomed black bitches
(30:55 / All) ChangoSpasiuk: LOL
(31:00 / All) ChangoSpasiuk: WHAT FOR
(31:03 / All) Qntal: bad idea, you killed my aco
(31:05 / All) ChangoSpasiuk: U WILL NEVER FUCK
(31:08 / All) HeroWithNoEqual: I like them thick hos yo
(31:24 / All) HeroWithNoEqual: I fuck your mom every two week
(31:29 / All) HeroWithNoEqual: your sister every day
(31:29 / All) ChangoSpasiuk: YE
(31:32 / All) ChangoSpasiuk: TOLD ME
(31:43 / All) ChangoSpasiuk: THE ONLY WAY U COULD FUCK
(31:47 / All) HeroWithNoEqual: she told you she was impressed with my prowess in the bed chamber
(31:53 / All) HeroWithNoEqual: I recite poetry to her as I grind
(32:01 / All) ChangoSpasiuk: IDIOT
(32:09 / All) ChangoSpasiuk: MOM FUCKS MENS
(32:12 / All) ChangoSpasiuk: NOT CHILDS
(32:12 / All) HeroWithNoEqual: I lay the line son her
(32:16 / All) HeroWithNoEqual: she tries her best
(32:19 / All) ChangoSpasiuk: YE
(32:21 / All) HeroWithNoEqual: "WHEREFORE ART THOU ROMEO"
(32:25 / All) HeroWithNoEqual: I smack her in her face
(32:31 / All) HeroWithNoEqual: because I hate that play
(32:31 / All) ChangoSpasiuk: YE
(32:38 / All) ChangoSpasiuk: STOP WATCHING PORN
(32:47 / All) HeroWithNoEqual: It h append with your mom last month
(32:49 / All) ChangoSpasiuk: MAKE UR HEAD DIZZY
(32:50 / All) HeroWithNoEqual: I said bitch
(32:52 / All) ChangoSpasiuk: yE
(32:55 / All) HeroWithNoEqual: Recite me some KING LEAR
(32:57 / All) HeroWithNoEqual: not this GARBAGE
(33:01 / All) ChangoSpasiuk: TOLD U MOM FUCK MENS, NOT CHILDS
(33:09 / All) ChangoSpasiuk: SHE NOT PEDOPHILE
(33:10 / All) HeroWithNoEqual: then I elbowed her on her brow
(33:29 / All) HeroWithNoEqual: I like your sister she's a bit of a dead fish but
(33:31 / All) HeroWithNoEqual: she's cute
(33:34 / All) HeroWithNoEqual: I liek your laws in Indonesia
(33:39 / All) Qntal: Looks like you are the one downloading porn yellow
(33:41 / All) HeroWithNoEqual: bitches know their place
(33:41 / All) Qntal: you almost lagged out
(33:56 / All) Qntal: stop the porn downloads bro
(34:00 / All) ChangoSpasiuk: DONT NEED PORN
(34:03 / All) ChangoSpasiuk: TOLD U
(34:08 / All) Qntal: Then why are you nearly lagging out?
(34:10 / All) Qntal: cut the downloading
(34:13 / All) darkwlng-duck.: i lost respect for you, gatus, a silent warrior like you should play another game not hang around
(34:46 / All) HeroWithNoEqual: German likes Michael Jackson
(34:53 / All) HeroWithNoEqual: You a big fan of his kiddy diddling?
(35:12 / All) ChangoSpasiuk: BYE VIRGINS!!!!!!!!!!!!!!!!!!
(36:58 / All) HeroWithNoEqual: YOU PUT UP NO RESISTANCE
(37:13 / All) HeroWithNoEqual: TURN YOUR BACK TO THE NIGGER AND THEY ARE AGRESSIVE
(37:19 / All) HeroWithNoEqual: LOOK THEM IN THE FACE AND THEY COWER
(37:33 / All) darkwlng-duck.: i follow the guidance of my lord and savior, king william and queen kate
(37:49 / All) darkwlng-duck.: shredder kiklll!!
(38:33 / All) Qntal: Forgot about this crypt